 Dungeon Crawl Stone Soup version 0.27-a0-1144-g0b7d3b79db (webtiles) character file.

Game seed: 13110367181872415267

18 kae the Skirmisher (level 2, -6/24 HPs)
             Began as a Demonspawn Abyssal Knight on May 10, 2021.
             Was a Follower of Lugonu.
             Mangled by a gnoll
             ... wielding a +0 club
              (9 damage)
             ... on level 1 of the Dungeon.
             The game lasted 00:00:50 (1361 turns).

kae the Skirmisher (Demonspawn Abyssal Knight)      Turns: 1361, Time: 00:00:50

Health: -6/24      AC:  7    Str: 12    XL:     2   Next: 51%
Magic:  3/3        EV: 11    Int: 13    God:    Lugonu [*.....]
Gold:   0          SH:  0    Dex: 12    Spells: 1/1 levels left

rFire    . . .     SeeInvis .   a - +1 falchion
rCold    . . .     Faith    .   (no shield)
rNeg     . . .     Spirit   .   b - +0 leather armour
rPois    .         Reflect  .   (no helmet)
rElec    .         Harm     .   e - +0 cloak
rCorr    .         Rampage  .   (no gloves)
Will     .....                  d - +0 pair of boots
Stlth    +.........             (no amulet)
HPRegen  0.08/turn              (no ring)
MPRegen  0.08/turn              (no ring)

@: no status effects
A: thin metallic scales 1
a: Renounce Religion, Depart the Abyss


You were on level 1 of the Dungeon.
You worshipped Lugonu.
Lugonu was aware of your devotion.
You visited 1 branch of the dungeon, and saw 2 of its levels.
You visited the Abyss 1 time.

You collected 65 gold pieces.
You spent 65 gold pieces at shops.

Inventory:

Hand Weapons
 a - a +1 falchion (weapon)
Armour
 b - a +0 leather armour (worn)
 d - a +0 pair of boots (worn)
 e - a +0 cloak (worn)
Scrolls
 c - a scroll of magic mapping {unknown}
 f - a scroll of vulnerability {unknown}
 g - 2 scrolls of identify
Potions
 h - a potion of curing


   Skills:
 + Level 3.3 Fighting
 * Level 2.5 Long Blades
 - Level 1.7 Armour
 - Level 0.8 Dodging
 - Level 2.4 Invocations


You had one spell level left.
You didn't know any spells.
Your spell library contained the following spells:

 Spells                   Type           Power      Damage    Failure   Level
 Beastly Appendage        Tmut           0%         N/A       36%         1
 Wereblood                Tmut           0%         N/A       52%         2
 Spider Form              Tmut/Pois      0%         N/A       75%         3
 Ice Form                 Ice/Tmut       0%         N/A       98%         4
 Hydra Form               Tmut           0%         N/A       100%        5


Dungeon Overview and Level Annotations

Branches:
Dungeon (2/15)

Altars:

Shops:
D:1 =[*


Innate Abilities, Weirdness & Mutations

You are partially covered in thin metallic scales. (AC +2)


Message History

Done exploring.
Done exploring.
Done exploring.
(D) Dungeon
Where to? (Enter - D:1 @ (x,y), ? - help)
There is a stone staircase leading down here.
You climb downwards. 3 gnolls come into view.
There is a stone staircase leading up here.
Okay, then.
The gnoll shouts! x3
You climb upwards.
There is a stone staircase leading down here.
You hit the gnoll.
The gnoll is moderately wounded.
The gnoll closely misses you. x2; The gnoll hits you with a +0 whip!
You closely miss the gnoll.
The gnoll is moderately wounded.
The gnoll barely misses you. x2
You hit the gnoll.
The gnoll is heavily wounded.
The gnoll hits you with a +0 club. The gnoll closely misses you.
You riposte.
You barely miss the gnoll.
The gnoll is heavily wounded.
You are too injured to fight recklessly!
You are too injured to fight recklessly!
You are too injured to fight recklessly!
You are too injured to fight recklessly!
You are too injured to fight recklessly!
You hit the gnoll.
The gnoll is almost dead.
The gnoll hits you with a +0 club.
* * * LOW HITPOINT WARNING * * *
The gnoll hits you with a +0 whip.
* * * LOW HITPOINT WARNING * * *
You slash the gnoll!
You kill the gnoll!
Lugonu accepts your kill. The gnoll closely misses you.
The gnoll hits you with a +0 club!
You die...

#......##.⌠.##..########
###..##.####'##..#####
.....##..............###
.###.###.##.#####..#...#
.#..............)......#
.####.##.##.#.###.###..#
.# #..#.♣#.#.#.....#.##
.# ##.#..#.#.#)....#.#
.# #.#♣∩♣.#..g@.....# .#
#....#.#.#.....#.# .#
##..♣#.#.#.....#.# .#
#..##.#.###.###.# .#
#..##.#.........# .#
##.##.#.###..#### ##
#.##.#.....## ###
#.##.#.#.###
..######.##.#.#.#


You could see a gnoll.

Vanquished Creatures
  A gnoll (D:1)
  A dart slug (D:1)
  A bat (D:1)
  An endoplasm (D:1)
  A giant cockroach (D:1)
  A goblin (D:1)
  2 hobgoblins (D:1)
  3 jackals (D:1)
  A quokka (D:1)
  2 ball pythons (D:1)
  A kobold (D:1)
15 creatures vanquished.

Notes
Turn   | Place    | Note
-------+----------+-------------------------------------------
     0 | Abyss:1  | kae the Demonspawn Abyssal Knight began the quest for the
                  | Orb.
     0 | Abyss:1  | Reached XP level 1. HP: 18/18 MP: 2/2
   115 | Abyss:1  | Found a shimmering altar of Xom.
   131 | Abyss:1  | Noticed a deep elf demonologist
   134 | D:1      | Escaped the Abyss
   174 | D:1      | Found a faded altar of an unknown god.
   253 | D:1      | Reached * piety under Lugonu
   576 | D:1      | Found Jaugiqan's Armour Emporium.
   619 | D:1      | Gained mutation: You are partially covered in thin metallic
                  | scales. (AC +2) [demonic ancestry]
   619 | D:1      | Reached XP level 2. HP: 23/24 MP: 3/3
   677 | D:1      | Found Emigg's Jewellery Emporium.
  1219 | D:1      | Found Dothrotec's General Store.
  1227 | D:1      | Bought a scroll of identify for 26 gold pieces
  1227 | D:1      | Bought a potion of curing for 39 gold pieces
  1361 | D:1      | Mangled by a gnoll

Illustrated notes

Levels and vault maps discovered:
D:1:      lightli_iron_boxes, layout_basic, serial_shops, shop,
          nicolae_shop_trees, shop, hellmonk_ecumenical_altar_lost_god,
          minmay_misc_feat_nine_boxes, minmay_misc_feat_doors,
          interstate_on_off, st_stairs_3, amcnicky_mini_pool_small,
          grunt_decor_arrowhead, hex_medium
D:2:      layout_loops_corners

Skill      XL: |  1 |
---------------+----+-----
Long Blades    | 2 |  2.5
Fighting       | |  3.3
Armour         | |  1.7
Dodging        | |  0.8
Invocations    | |  2.4

Action                   || total
-------------------------++-------
Melee: Falchion          ||    45
Invok: Depart the Abyss  ||     1
Armor: Leather armour    ||    16
Dodge: Dodged            ||    28
       Rpst.: Falchion   ||     9

Table legend: (Time is in decaauts)
 A = Elapsed time spent in this place.
 B = Non-inter-level travel time spent in this place.
 C = Inter-level travel time spent in this place.
 D = Time resting spent in this place.
 E = Time spent auto-exploring this place.
 F = Levels seen in this place.
 G = Mean time per level.
                   A        B        C        D        E       F      G
               +--------+--------+--------+--------+--------+-----+--------+
         Total |   1369 |   1330 |     39 |      0 |   1212 |   3 |  456.3 |
       Dungeon |   1235 |   1196 |     39 |      0 |   1081 |   2 |  617.5 |
         Abyss |    134 |    134 |      0 |      0 |    131 |   1 |  134.0 |
               +--------+--------+--------+--------+--------+-----+--------+

Top non-repeatable levels by time:
     D:1: 1232 daAuts
 Abyss:1: 134 daAuts
     D:2: 2 daAuts
